 Dungeon Sprint DCSS version 0.19.5 (webtiles) character file.

11226 dwjmeijer the Imperceptible (level 11, -1/42 HPs)
             Began as a Spriggan Enchanter on Apr 24, 2017.
             Was an Elder of Nemelex Xobeh.
             Engulfed by a cloud of freezing vapour (14 damage)
             ... in the Dungeon (Sprint I: "Red Sonja").
             The game lasted 00:16:47 (2364 turns).

dwjmeijer the Imperceptible (Spriggan Enchanter)    Turns: 2364, Time: 00:16:47

Health: -1/42      AC:  4    Str:  4    XL:     11   Next: 46%
Magic:  26/26      EV: 19    Int: 14    God:    Nemelex Xobeh [****..]
Gold:   770        SH:  0    Dex: 27    Spells: 4 memorised, 21 levels left

rFire  + . .     SeeInvis +     w - +7 quick blade
rCold  . . .     Gourm    .     b - +2 robe
rNeg   . . .     Faith    .     (shield restricted)
rPois  .         Spirit   .     (helmet restricted)
rElec  .         Reflect  .     (no cloak)
rCorr  .         Harm     .     (gloves unavailable)
MR     ++...     NoTele   +     (boots unavailable)
Stlth  +++++++++.               (no amulet)
                                x - +2 ring of dexterity
                                u - ring of the Hart {+Fly rF+ MR+ Dex+4}

@: very quick
A: unfitting armour, see invisible, dopey 1, herbivore 3, speed 3, frail 1, slow
metabolism 2
a: Triple Draw, Deal Four, Renounce Religion, Evoke Flight


You were in the Dungeon.
You worshipped Nemelex Xobeh.
Nemelex Xobeh was greatly pleased with you.
You were not hungry.

You visited 1 branch You collected 1805 gold pieces.
You spent 1035 gold pieces at shops.

Inventory:

Hand Weapons
 a - a +1 dagger
 l - a +1 dagger of electrocution
 p - a +0 dagger of venom
 t - the +4 dagger "Banisher" {venom, +Inv}
   (You found it in the Dungeon)

   It poisons the flesh of those it strikes.
   It lets you turn invisible.
 w - a +7 quick blade (weapon)
Armour
 b - a +2 robe (worn)
Jewellery
 u - the ring of the Hart (left hand) {+Fly rF+ MR+ Dex+4}
   (You bought it in a shop in the Dungeon)

   [ring of flight]

   It affects your dexterity (+4).
   It protects you from fire.
   It affects your resistance to hostile enchantments.
   It lets you fly.
 x - a +2 ring of dexterity (right hand)
Scrolls
 j - a scroll of blinking
 v - a scroll of identify
 y - a scroll of magic mapping {unknown}
Potions
 e - 3 potions of curing
 g - a potion of haste
 h - 2 potions of magic
 i - a potion of berserk rage
 k - 2 potions of brilliance
 m - a potion of cancellation {unknown}
 n - a potion of flight {unknown}
Books
 c - a book of Maledictions

   Spells                             Type                      Level
   a - Corona                         Hexes                        1
   b - Ensorcelled Hibernation        Hexes/Ice                    2
   c - Confuse                        Hexes                        3
   d - Tukima's Dance                 Hexes                        3
   e - Dazzling Spray                 Conjuration/Hexes            3
Miscellaneous
 f - an ornate deck of destruction
 o - a plain deck of summoning {drawn: 3}
 q - a plain deck of destruction
 r - a plain deck of destruction
 s - a legendary deck of destruction
Comestibles
 d - 2 bread rations


   Skills:
 + Level 7.4 Short Blades
 - Level 3.0 Dodging
 + Level 22.6 Stealth
 - Level 10.3 Spellcasting
 + Level 18.3 Hexes
 + Level 13.7 Invocations


You had 21 spell levels left.
You knew the following spells:

 Your Spells              Type           Power        Failure   Level  Hunger
a - Corona                Hex            ######.      0%          1    None
b - Ensorcelled Hibernat  Hex/Ice        ####..       1%          2    None
c - Confuse               Hex            ######..     1%          3    #......
d - Dazzling Spray        Conj/Hex       ####..       1%          3    #......


Dungeon Overview and Level Annotations

Branches:
Dungeon (1/1)

Altars:
Cheibriados
Dithmenos
Elyvilon
Fedhas
Gozag
Hepliaklqana
Kikubaaqudgha
Makhleb
Nemelex Xobeh
Okawaru
Qazlal
Ru
Sif Muna
Trog
Uskayaw
Vehumet
Xom
Yredelemnul
Zin
The Shining One
Jiyva
Lugonu

Shops:
D (}=[}(!=}=([**?!(%}[*


Innate Abilities, Weirdness & Mutations

You are very small and have problems with some larger weapons.
You are too small for most types of armour.
You have supernaturally acute eyesight. (SInv)
You are a herbivore.
You cover ground extremely quickly.
You need consume almost no food.
You are dopey. (Int -2)
You are frail. (-10% HP)


Message History

You now have 581 gold pieces (gained 27).
You now have 608 gold pieces (gained 27).
You now have 635 gold pieces (gained 27).
You now have 662 gold pieces (gained 27).
You now have 689 gold pieces (gained 27).
You now have 716 gold pieces (gained 27).
You now have 743 gold pieces (gained 27).
You now have 770 gold pieces (gained 27).
You open the door.
You are engulfed in freezing vapours.
Found 16 arrows and a scroll labeled SEZXIR HUORU.
There is an open door here.
You see here 16 arrows.
y - a scroll labeled SEZXIR HUORU You start resting.
You are engulfed in freezing vapours.
You are engulfed in freezing vapours.
You see here 16 arrows.
You are engulfed in freezing vapours.
You die...
Your body glows with a rainbow of weird colours and disappears.

._#§≈§§§#.§#.^§..§.§$$$#
#'##§#####'###§..#.....#
#.#..§(###.'.#§§§###++##
####§###(###.#.§###..##
.'.§§§.'.∩##.#..####$.###
.###########§##+#$$#$.#.###
###.......##§# #$$§$$....#
#.#.....§.§§§####$§$$$..§.#
..#...######.#§§@.$$$..####
..#.....§§§#§#####...###
###...§†§§#'.# #####
[........§#### ........≈≈#
†.....≈≈≈## #..≈≈≈≈###
'######+### ########∩∩#


There were no monsters in sight!

Vanquished Creatures
  A lorocyproca (D)
  2 centaur warriors (D)
  Sonja (D)
  A deep troll (D)
  2 unseen horrors (D)
  4 shining eyes (D)
  An oklob plant (D)
  A gargoyle (D)
  2 kobold demonologists (D)
  4 demonic crawlers (D)
  A hornet (D)
  A slime creature (D)
  Sigmund (D)
  2 redbacks (D)
  A yak (D)
  2 floating eyes (D)
  6 necrophages (D)
  An ogre (D)
  8 jellies (D)
  Ijyb (D)
  5 ballistomycetes (D)
48 creatures vanquished.

Vanquished Creatures (collateral kills)
  4 shining eyes (D)
  4 floating eyes (D)
8 creatures vanquished.

Vanquished Creatures (others)
  2 hornets (D)
  A necrophage (D)
  2 ballistomycete spores (D)
5 creatures vanquished.

Grand Total: 61 creatures vanquished

Notes
Turn   | Place    | Note
-------+----------+-------------------------------------------
     0 | D        | dwjmeijer the Spriggan Enchanter began the quest for the Orb.
     0 | D        | Reached XP level 1. HP: 9/9 MP: 5/5
     2 | D        | Noticed Ijyb
     8 | D        | Killed Ijyb
     8 | D        | Reached skill level 6 in Stealth
     8 | D        | Reached skill level 5 in Hexes
     8 | D        | Reached XP level 2. HP: 13/13 MP: 5/8
    17 | D        | Learned a level 2 spell: Ensorcelled Hibernation
    38 | D        | Noticed an ogre
    40 | D        | Killed an ogre
    40 | D        | Reached skill level 9 in Stealth
    40 | D        | Reached XP level 3. HP: 16/16 MP: 9/12
    40 | D        | Reached XP level 4. HP: 21/21 MP: 9/13
    52 | D        | Noticed Sigmund
    54 | D        | Killed Sigmund
    54 | D        | Reached skill level 11 in Stealth
    54 | D        | Reached XP level 5. HP: 24/24 MP: 10/17
    67 | D        | Found a deep blue altar of Sif Muna.
    69 | D        | Found a radiant altar of Vehumet.
    73 | D        | Reached skill level 12 in Stealth
    73 | D        | Reached XP level 6. HP: 28/28 MP: 13/19
    83 | D        | Found Soelemn's Armour Emporium.
    83 | D        | Found an ancient bone altar of Kikubaaqudgha.
    83 | D        | Found a hazy altar of Hepliaklqana.
    83 | D        | Found a stormy altar of Qazlal.
    83 | D        | Found a hide-covered altar of Uskayaw.
    83 | D        | Found a blossoming altar of Fedhas.
    83 | D        | Found a bloodstained altar of Trog.
    83 | D        | Found an iron altar of Okawaru.
    83 | D        | Found a basalt altar of Yredelemnul.
    83 | D        | Found a glowing golden altar of the Shining One.
    83 | D        | Found a snail-covered altar of Cheibriados.
    83 | D        | Found a sacrificial altar of Ru.
    83 | D        | Found a glowing silver altar of Zin.
    83 | D        | Found a shadowy altar of Dithmenos.
    83 | D        | Found a white marble altar of Elyvilon.
    83 | D        | Noticed a yak
    84 | D        | Found an opulent altar of Gozag.
    85 | D        | Killed a yak
    85 | D        | Reached skill level 13 in Stealth
    85 | D        | Reached skill level 10 in Spellcasting
    85 | D        | Reached skill level 10 in Hexes
    86 | D        | Found a sparkling altar of Nemelex Xobeh.
    89 | D        | Became a worshipper of Nemelex Xobeh the Trickster
   118 | D        | Received a gift from Nemelex Xobeh
   118 | D        | Noticed Sonja
   126 | D        | Killed Sonja
   126 | D        | Reached skill level 15 in Stealth
   126 | D        | Reached skill level 5 in Invocations
   126 | D        | Reached XP level 7. HP: 17/32 MP: 14/21
   126 | D        | Reached XP level 8. HP: 19/36 MP: 15/23
   455 | D        | Found Viliseat's Antique Weapon Boutique.
   568 | D        | Learned a level 3 spell: Confuse
   572 | D        | Learned a level 3 spell: Dazzling Spray
   572 | D        | Noticed a deep troll
   576 | D        | Killed a deep troll
   576 | D        | Reached skill level 16 in Stealth
   586 | D        | Found Cibly's Armour Emporium.
   620 | D        | Found a burning altar of Makhleb.
   620 | D        | Found a viscous altar of Jiyva.
   620 | D        | Found a shimmering altar of Xom.
   620 | D        | Found a corrupted altar of Lugonu.
   620 | D        | Noticed a slime creature
   623 | D        | Killed a slime creature
   637 | D        | Reached * piety under Nemelex Xobeh
   637 | D        | Noticed a kobold demonologist
   638 | D        | Noticed a kobold demonologist
   640 | D        | Killed a kobold demonologist
   640 | D        | Reached skill level 17 in Stealth
   640 | D        | Reached XP level 9. HP: 39/39 MP: 21/24
   643 | D        | Killed a kobold demonologist
   648 | D        | Noticed a demonic crawler
   648 | D        | Noticed a demonic crawler
   648 | D        | Noticed a demonic crawler
   648 | D        | Noticed a demonic crawler
   834 | D        | Noticed a centaur warrior
   834 | D        | Noticed a centaur warrior
   840 | D        | Killed a centaur warrior
   840 | D        | Reached skill level 18 in Stealth
   840 | D        | Reached skill level 15 in Hexes
   841 | D        | Killed a centaur warrior
   841 | D        | Reached skill level 19 in Stealth
   841 | D        | Reached skill level 10 in Invocations
   864 | D        | Noticed an oklob plant
   866 | D        | Killed an oklob plant
   866 | D        | Reached XP level 10. HP: 44/44 MP: 25/25
   880 | D        | Reached skill level 20 in Stealth
   893 | D        | Reached ** piety under Nemelex Xobeh
   893 | D        | Noticed an unseen horror
   894 | D        | Noticed an unseen horror
   900 | D        | Killed an unseen horror
   902 | D        | Killed an unseen horror
   918 | D        | Received a gift from Nemelex Xobeh
  1028 | D        | Found Orphuqac's Jewellery Shoppe.
  1034 | D        | Reached skill level 21 in Stealth
  1038 | D        | Found Zatz's Gadget Boutique.
  1071 | D        | Got an ivory dagger
  1072 | D        | Identified the +4 dagger "Banisher" {venom, +Inv} (You found it in the Dungeon)
  1196 | D        | Found Afi Uf Vow's Distillery.
  1198 | D        | Found Huegikan's Jewellery Emporium.
  1198 | D        | Found Syafuc's Antique Weapon Shop.
  1198 | D        | Found Beochyum's Antique Armour Shoppe.
  1198 | D        | Found Ticzyap's General Store.
  1198 | D        | Found Nane's General Store.
  1198 | D        | Found Tese's Magic Scroll Shop.
  1198 | D        | Found Syroikeo's Distillery.
  1198 | D        | Received a gift from Nemelex Xobeh
  1203 | D        | Reached *** piety under Nemelex Xobeh
  1204 | D        | Found Ossueg's Antique Weapon Boutique.
  1205 | D        | Found Gapluserph's Gadget Emporium.
  1205 | D        | Found Tail's Food Boutique.
  1206 | D        | Found Kaghuwk's Assorted Antiques.
  1223 | D        | Bought the ring of the Hart {+Fly rF+ MR+ Dex+4} for 455 gold pieces
  1233 | D        | Bought a runed quick blade for 483 gold pieces
  1243 | D        | Bought a +2 ring of dexterity for 97 gold pieces
  1457 | D        | Noticed a shining eye
  1457 | D        | Noticed a shining eye
  1457 | D        | Noticed a shining eye
  1457 | D        | Noticed a shining eye
  1457 | D        | Noticed a shining eye
  1457 | D        | Noticed a shining eye
  1459 | D        | Noticed a shining eye
  1459 | D        | Noticed a shining eye
  1460 | D        | Killed a shining eye
  1463 | D        | Killed a shining eye
  1466 | D        | Killed a shining eye
  1467 | D        | Paralysed by a floating eye for 3 turns
  1472 | D        | Killed a shining eye
  1472 | D        | Reached XP level 11. HP: 45/45 MP: 26/26
  1472 | D        | Gained mutation: You are dopey. (Int -2) [a shining eye]
  1474 | D        | Gained mutation: You are frail. (-10% HP) [a shining eye]
  1475 | D        | Paralysed by a floating eye for 4 turns
  1483 | D        | Paralysed by a floating eye for 3 turns
  1486 | D        | Killed a shining eye
  1487 | D        | Killed a shining eye
  1487 | D        | Reached skill level 5 in Short Blades
  1489 | D        | Killed a shining eye
  1490 | D        | Paralysed by a floating eye for 2 turns
  1494 | D        | Killed a shining eye
  1494 | D        | Reached skill level 22 in Stealth
  1500 | D        | Received a gift from Nemelex Xobeh
  1500 | D        | Found Kaodum's Gadget Shop.
  1500 | D        | Found Cuyrisuk's Gadget Shoppe.
  1500 | D        | Found Iryawk's Antique Weapon Boutique.
  1500 | D        | Found Plog's Jewellery Emporium.
  2044 | D        | Reached **** piety under Nemelex Xobeh
  2119 | D        | Received a gift from Nemelex Xobeh
  2121 | D        | Noticed a lorocyproca
  2129 | D        | Killed a lorocyproca
  2364 | D        | Engulfed by a cloud of freezing vapour

Skill      XL: |  1  2  3  4  5  6  7  8  9 10 11 |
---------------+----------------------------------+-----
Stealth        | 6 9 11 12 15 17 19 21 22 | 22.6
Spellcasting   | 4 6 9 10 | 10.3
Hexes          | 5 7 9 12 13 15 17 18 | 18.3
Invocations    | 5 8 11 12 13 | 13.7
Short Blades   | 4 7 |  7.4
Dodging        | |  3.0

Action                   |  1- 3 |  4- 6 |  7- 9 | 10-12 || total
-------------------------+-------+-------+-------+-------++-------
Melee: Dagger            |     6 |     4 |    10 |    36 ||    56
       Quick blade       |       |       |       |    60 ||    60
 Cast: Ensorcelled Hiber |       |     3 |     2 |     6 ||    11
       Confuse           |       |       |       |    17 ||    17
       Dazzling Spray    |       |       |       |     8 ||     8
Evoke: Deck              |       |       |       |     3 ||     3
       Phantom mirror    |       |       |       |     1 ||     1
  Use: Scroll            |       |       |     1 |     3 ||     4
       Potion            |       |       |       |     1 ||     1
 Stab: Sleeping          |     2 |     4 |     9 |    16 ||    31
       Confused          |       |       |       |     6 ||     6
       Invisible         |       |       |       |     7 ||     7
Armor: Robe              |       |       |     1 |     9 ||    10
Dodge: Dodged            |     3 |     6 |     4 |    82 ||    95
